 Dungeon Crawl Stone Soup version 0.30-b1-2-g02819fbbbe (webtiles) character file.

Game seed: 9800403011602579397

497 kengeki the Conjurer (level 6, -1/45 HPs)
             Began as a Draconian Conjurer on Aug 19, 2023.
             Slain by Pikel
             ... wielding a +0 whip of freezing
              (2 damage)
             ... on level 4 of the Dungeon.
             The game lasted 00:46:27 (3286 turns).

kengeki the Conjurer (Draconian Conjurer)           Turns: 3286, Time: 00:46:27

Health: -1/45      AC:  7    Str:  9    XL:     6   Next: 93%
Magic:  10/13      EV: 12    Int: 20    God:
Gold:   212        SH:  0    Dex: 10    Spells: 8/15 levels left

rFire   + . .        p - +1 short sword (freeze)
rCold   . . .        t - orb {*channel}
rNeg    . . .        (body armour unavailable)
rPois   .            (helmet restricted)
rElec   .            (no cloak)
rCorr   .            (no gloves)
SInv    .            q - +0 pair of boots
Will    .....        f - amulet of magic regeneration
Stlth   ++           i - ring of wizardry
HPRegen 0.27/turn    b - ring of protection from fire
MPRegen 0.53/turn

%: wizardry (x1), channel magic (20%)
@: slowed, very slow
A: AC +6, unfitting armour, cold-blooded
a: no special abilities


You were on level 4 of the Dungeon.
You visited 1 branch of the dungeon, and saw 5 of its levels.

You collected 212 gold pieces.

Inventory:

Hand Weapons
 g - a +3 dagger of flaming
 j - a +0 sling
 p - a +1 short sword of freezing (weapon)
Missiles
 n - 34 stones
 B - a throwing net (quivered)
Armour
 q - a +0 pair of boots (worn)
 t - an orb of energy (worn)
Magical Staves
 e - a staff of fire
Jewellery
 b - a ring of protection from fire (right hand)
 f - an amulet of magic regeneration (around neck)
 i - a ring of wizardry (left hand)
 y - an amulet of reflection
Scrolls
 d - 3 scrolls of teleportation {unknown}
 k - a scroll of vulnerability {unknown}
 o - a scroll of fog {unknown}
 s - a scroll of magic mapping {unknown}
 w - a scroll of poison {unknown}
 x - a scroll of noise {unknown}
 z - a scroll of butterflies {unknown}
 A - a scroll of fear {unknown}
Potions
 a - a potion of magic
 c - 2 potions of curing
 h - 3 potions of lignification
 l - 3 potions of heal wounds {unknown}
 m - 2 potions of mutation {unknown}
 r - a potion of haste {unknown}
 u - a potion of invisibility
 v - 2 potions of might {unknown}
 C - a potion of flight {unknown}


   Skills:
 - Level 1.8 Dodging
 - Level 1.8 Stealth
 + Level 5.0 Spellcasting
 + Level 6.5 Conjurations


You had 8 spell levels left.
You knew the following spells:

 Your Spells              Type           Power      Damage    Failure   Level
a - Magic Dart            Conj           100%       1d8       1%          1
b - Searing Ray           Conj           62%        2d6       2%          2
c - Iskenderun's Mystic   Conj/Tloc      18%        2d6       24%         4

Your spell library contained the following spells:

 Spells                   Type           Power      Damage    Failure   Level
 Dazzling Flash           Conj/Hex       36%        N/A       9%          3
 Cigotuvi's Dreadful Rot  Necr/Pois/Air  10%        N/A       16%         2
 Lesser Beckoning         Tloc           10%        N/A       16%         2
 Fulminant Prism          Conj/Hex       9%         3d7       24%         4
 Gell's Gravitas          Tloc           5%         N/A       26%         3
 Ignite Poison            Fire/Tmut/Pois 5%         N/A       26%         3
 Teleport Other           Tloc           5%         N/A       26%         3
 Freezing Cloud           Conj/Ice/Air   6%         6-21      61%         5


Dungeon Overview and Level Annotations

Branches:
Dungeon (5/15)
 Temple: D:4-7

Altars:
Elyvilon

Annotations:
D:4 Dowan, Duvessa, Menkaure, Pikel


Innate Abilities, Weirdness & Mutations

Your plain brown scales are hard. (AC +6)
You cannot fit into any form of body armour.
You are cold-blooded and may be slowed by cold attacks.


Message History

The searing ray hits Pikel!
Pikel is moderately wounded.
The searing ray hits the lemure.
The lemure is severely wounded.
The searing ray hits the lemure.
The lemure is lightly wounded. (Press . to maintain the ray.) Pikel zaps a wand.
You suddenly lose the ability to move!
Pikel hits you with a +0 whip of freezing!
Pikel freezes you.
Pikel zaps a wand.
You shrug off the repeated paralysis!
Pikel hits you with a +0 whip of freezing.
Pikel freezes you.
You can move again.
Unknown command.
Unknown command.
Unknown command.
Throw: 2 throwing nets
Press: ? - help, Q - select action, (/) - cycle Shift-Dir - straight line, f - Pikel, p - lemure
Aim: Pikel, wielding a +0 whip of freezing, wearing a +0 robe and carrying a wand of paralysis (1) (moderately wounded, 45% to hit)
You throw a throwing net. The throwing net barely misses Pikel.
The throwing net hits the lemure.
The lemure is caught in the net!
The lemure is severely wounded.
The lemure struggles against the net.
Pikel hits you with a +0 whip of freezing!
* * * LOW HITPOINT WARNING * * *
You feel yourself slow down. Pikel freezes you.
* * * LOW HITPOINT WARNING * * *
Unknown command.
The lemure struggles against the net.
Pikel zaps a wand.
You resist with some effort.
The now-empty wand crumbles to dust.
The lemure struggles against the net.
Pikel attacks as you move away! Pikel barely misses you.
You feel yourself speed up. Pikel attacks as you move away!
Pikel hits you with a +0 whip of freezing!
* * * LOW HITPOINT WARNING * * *
You feel yourself slow down. Pikel freezes you.
You die...

. .
.##############################.#
5.#............'................#
..#............##...###.#########
..######'#####........†.†........
........'#####.#......#'#########
.#..........##.#.###.........#
#..........'..#@# #.........#
#..........####K# #.........#
#..........55†..# ##........#
#..........5########>.......#
#......####.................#
#......# #.................#
######## #...!.............#
#.................#
#.................#


You could see Pikel.

Vanquished Creatures
  2 ogres (D:4)
  A lemure (D:4)
  A jelly (D:4)
  An orc priest (D:3)
  2 iguanas (D:4)
  2 orc wizards (D:3)
  4 gnolls (D:3)
  2 adders (D:4)
  2 worms
  A dart slug (D:1)
  13 orcs (D:3)
  3 endoplasms (D:3)
  2 giant cockroaches
  10 goblins
  5 hobgoblins
  8 jackals
  7 kobolds
  5 quokkas
  13 ball pythons
  5 bats
  5 rats
94 creatures vanquished.

Notes
Turn   | Place    | Note
-------+----------+-------------------------------------------
     0 | D:1      | kengeki the Draconian Conjurer began the quest for the Orb.
     0 | D:1      | Reached XP level 1. HP: 14/14 MP: 3/3
   626 | D:1      | Reached XP level 2. HP: 20/20 MP: 3/5
   634 | D:1      | Learned a level 2 spell: Searing Ray
  1120 | D:2      | Reached XP level 3. HP: 26/26 MP: 5/7
  1907 | D:3      | Reached XP level 4. HP: 33/33 MP: 5/8
  1912 | D:3      | Reached skill level 5 in Conjurations
  1931 | D:3      | Learned a level 4 spell: Iskenderun's Mystic Blast
  2155 | D:3      | Reached XP level 5. HP: 38/38 MP: 3/10
  2445 | D:3      | Found a white marble altar of Elyvilon.
  2546 | D:4      | Noticed Menkaure
  2566 | D:4      | Reached XP level 6. HP: 45/45 MP: 8/12
  2578 | D:4      | Reached skill level 6 in Conjurations
  2811 | D:4      | Noticed Duvessa
  2811 | D:4      | Noticed Dowan
  2963 | D:5      | Entered Level 5 of the Dungeon
  3062 | D:4      | Reached skill level 5 in Spellcasting
  3255 | D:4      | Noticed Pikel
  3279 | D:4      | Paralysed by Pikel for 4 turns
  3286 | D:4      | HP: 1/45 [Pikel/+0 whip of freezing (9)]
  3286 | D:4      | Slain by Pikel

Illustrated notes

Levels and vault maps discovered:
D:1:      sevenhm_arrival_forest_fort_small_4, layout_basic,
          hangedman_decor_lopped, minmay_tromino_v7
D:2:      layout_loops_ring, dreamdust_princess_bridge
D:3:      layout_rooms, nicolae_elyvilon_peaceful_grove
D:4:      layout_basic, grunt_temple_overflow_diamond,
          nicolae_tso_carved_into_rock, amcnicky_altar_gilded,
          minmay_crystal_room, grunt_ministairs_2, uniq_pikel, uniq_duvessa,
          uniq_menkaure
D:5:      layout_loops_ring, nicolae_overflow_two_pavilions

Skill      XL: |  1  2  3  4  5  6 |
---------------+-------------------+-----
Spellcasting   | 3 4 5 |  5.0
Conjurations   | 5 6 |  6.5
Dodging        | |  1.8
Stealth        | |  1.8

Action                     |  1- 3 |  4- 6 || total
---------------------------+-------+-------++-------
  Throw: Throwing net      |       |     1 ||     1
   Cast: Magic Dart        |    87 |    38 ||   125
         Searing Ray       |     3 |    41 ||    44
    Use: Scroll            |     4 |       ||     4
 Armour: Skin              |     1 |     6 ||     7
  Dodge: Dodged            |     4 |     8 ||    12
